 Dungeon Crawl Stone Soup version 0.26-a0-466-g989023bd0d (webtiles) character file.

Game seed: 18235477461899084703

7305 Apogee the Cleaver (level 10, 0/94 HPs)
             Began as a Deep Dwarf Fighter on Aug 1, 2020.
             Slain by a cane toad (11 damage)
             ... on level 1 of the Lair of Beasts.
             The game lasted 00:11:18 (4458 turns).

Apogee the Cleaver (Deep Dwarf Fighter)             Turns: 4458, Time: 00:11:18

Health: 0/94       AC: 17    Str: 23    XL:     10   Next: 90%
Magic:  2/2        EV:  6    Int:  9    God:
Gold:   236        SH: 12    Dex: 12    Spells: 9/9 levels left

rFire    . . .     SeeInvis .   a - +0 war axe
rCold    . . .     Faith    .   c - +0 kite shield
rNeg     . . .     Spirit   .   u - +0 plate armour
rPois    .         Reflect  .   (no helmet)
rElec    .         Harm     .   (no cloak)
rCorr    +                      j - +1 pair of gloves
MR       ++...                  y - +0 pair of boots
Stlth    ..........             (no amulet)
HPRegen  0.00/turn              o - ring of resist corrosion
MPRegen  0.08/turn              l - ring of protection from magic

@: lethally poisoned (0 -> -10), non-regenerating
A: damage resistance, heal wounds, sense surroundings 2, no regeneration
a: Heal Wounds


You were on level 1 of the Lair of Beasts.
You visited 3 branches of the dungeon, and saw 10 of its levels.

You collected 460 gold pieces.
You spent 224 gold pieces at shops.

Inventory:

Hand Weapons
 a - a +0 war axe (weapon)
Armour
 b - a +0 scale mail
 c - a +0 kite shield (worn)
 j - a +1 pair of gloves (worn)
   (You bought it in a shop on level 8 of the Dungeon)
 u - a +0 plate armour (worn)
   (You took it off an orc warrior on level 7 of the Dungeon)
 y - a +0 pair of boots (worn)
   (You bought it in a shop on level 8 of the Dungeon)
Jewellery
 l - a ring of protection from magic (right hand)
   (You found it on level 6 of the Dungeon)
 o - a ring of resist corrosion (left hand)
   (You found it on level 5 of the Dungeon)
Scrolls
 h - 7 scrolls of remove curse {@r2}
 k - a scroll of noise {unknown}
 n - a scroll of random uselessness {unknown}
 p - a scroll of amnesia {unknown}
 q - 2 scrolls of teleportation {unknown}
 s - 4 scrolls of enchant weapon {unknown}
 t - a scroll of brand weapon {unknown}
 v - 3 scrolls of enchant armour {unknown}
Potions
 d - a potion of might
 e - 3 potions of degeneration {!q}
 f - a potion of brilliance
 g - 2 potions of stabbing
 i - 2 potions of magic
 m - a potion of mutation {!q}
 r - 2 potions of resistance
 w - a potion of flight


   Skills:
 + Level 7.4 Fighting
 * Level 11.6 Axes
 + Level 9.0 Armour
 + Level 9.0 Shields


You had 9 spell levels left.
You didn't know any spells.
Your spell library contained the following spells:

 Spells                   Type           Power        Failure   Level
 Beastly Appendage        Tmut           #.....       100%        1
 Wereblood                Tmut           #.......     100%        2
 Spider Form              Tmut/Pois      #.........   100%        3
 Ice Form                 Ice/Tmut       #.......     100%        4
 Blade Hands              Tmut           #.........   100%        5


Dungeon Overview and Level Annotations

Branches:
Dungeon (8/15)             Temple (1/1) D:7            Lair (1/6) D:8

Altars:
Ashenzari
Cheibriados
Dithmenos
Elyvilon
Fedhas
Gozag
Hepliaklqana
Kikubaaqudgha
Nemelex Xobeh
Qazlal
Sif Muna
Trog
Uskayaw
Vehumet
Wu Jian
Yredelemnul
Zin
The Shining One

Shops:
D:7 :   D:8 [

Annotations:
D:8 exclusion: orange crystal statue


Innate Abilities, Weirdness & Mutations

You are resistant to damage.
You can heal yourself by infusing magical energy.
You passively map the area around you.
You do not regenerate.


Message History

You are more poisoned.
The cane toad poisons you!
You slash the cane toad!
You feel very sick. The cane toad stings you!
The cane toad stings you but does no damage.
Unknown command.
Okay, then.
You hit the cane toad but do no damage.
* * * LOW HITPOINT WARNING * * *
You feel very sick. The cane toad stings you!
* * * LOW HITPOINT WARNING * * *
You barely miss the cane toad.
* * * LOW HITPOINT WARNING * * *
You feel very sick. You block the cane toad's attack.
You barely miss the cane toad.
* * * LOW HITPOINT WARNING * * *
You feel very sick. The cane toad barely misses you.
You barely miss the cane toad.
* * * LOW HITPOINT WARNING * * *
You feel very sick.
The cane toad stings you but does no damage.
You hit the cane toad.
* * * LOW HITPOINT WARNING * * *
You feel very sick. The cane toad barely misses you.
You barely miss the cane toad.
* * * LOW HITPOINT WARNING * * *
You feel very sick. The cane toad closely misses you. The cane toad stings you.
You hit the cane toad.
* * * LOW HITPOINT WARNING * * *
You feel very sick. The cane toad barely misses you.
You hit the cane toad but do no damage.
* * * LOW HITPOINT WARNING * * *
You feel very sick. You block the cane toad's attack.
You hit the cane toad.
* * * LOW HITPOINT WARNING * * *
You feel sick.
The cane toad stings you but does no damage.
It was a potion of cancellation.
You feel magically purged.
* * * LOW HITPOINT WARNING * * *
You feel very sick. The cane toad stings you!
You die...

, ,, *....# #.... , * ...###
##.... ** * *#....# #..†.. , ,
#....#### ##...<† ,....
##...>.#.# #...... , ....
#........## #...... , .....
##........## ##..... .....
##..........#####...... ,
.....P###....F@................
,
..F...#.....####..............#
............# ##......#####.#.#
.....)....### #...##### #####
.........##* #†.## .........#
#.††# P......... #...## *
#P##P..........# #
###P........**


You could see a cane toad.

Vanquished Creatures
  3 death yaks (D:8)
  3 hippogriffs (D:8)
  Eustachio (D:5)
  6 yaks
  Menkaure (D:5)
  6 orc warriors
  An ice beast (D:6)
  4 sky beasts
  A centaur (D:6)
  A phantom (D:8)
  5 wolves
  A big kobold (D:8)
  4 bullfrogs
  A wyvern skeleton (D:8)
  A scorpion (D:6)
  12 killer bees (D:8)
  10 wights
  2 howler monkeys
  A bullfrog zombie (D:8)
  A hound (D:6)
  A bullfrog skeleton (D:7)
  3 orc priests
  2 jellies
  A centaur skeleton (D:8)
  6 worker ants
  An iguana (D:7)
  10 orc wizards
  An adder (D:7)
  2 shadow imps
  2 white imps (D:5)
  2 ufetubi
  2 adder skeletons
  3 leopard geckos
  18 orcs
  A giant cockroach (D:1)
  7 goblins
  3 hobgoblins (D:1)
  10 jackals
  8 kobolds
  2 quokkas
  3 bats (D:2)
  3 frilled lizards
  3 rats
159 creatures vanquished.

Notes
Turn   | Place    | Note
-------+----------+-------------------------------------------
     0 | D:1      | Apogee the Deep Dwarf Fighter began the quest for the Orb.
     0 | D:1      | Reached XP level 1. HP: 20/20 MP: 1/1
    58 | D:1      | Reached XP level 2. HP: 27/27 MP: 2/2
   644 | D:4      | Reached skill level 3 in Axes
   644 | D:4      | Reached XP level 3. HP: 16/34 MP: 3/3
   754 | D:5      | Entered Level 5 of the Dungeon
   783 | D:5      | Reached XP level 4. HP: 38/42 MP: 4/4
   855 | D:5      | Noticed Menkaure
   866 | D:5      | Killed Menkaure
   866 | D:5      | Reached skill level 4 in Axes
   866 | D:5      | Reached XP level 5. HP: 49/49 MP: 4/4
   992 | D:5      | Noticed Eustachio
   993 | D:5      | Noticed a sky beast
  1016 | D:5      | Killed a sky beast
  1016 | D:5      | Reached XP level 6. HP: 30/57 MP: 5/5
  1026 | D:5      | Killed Eustachio
  1026 | D:5      | Reached skill level 5 in Axes
  1080 | D:5      | Found an ancient bone altar of Kikubaaqudgha.
  1507 | D:5      | Reached XP level 7. HP: 33/64 MP: 6/6
  1518 | D:5      | Reached skill level 5 in Armour
  1527 | D:6      | Reached skill level 5 in Shields
  1537 | D:6      | Reached skill level 6 in Axes
  1719 | D:6      | Reached XP level 8. HP: 48/73 MP: 3/3
  1745 | D:6      | Reached skill level 7 in Axes
  1969 | D:6      | Reached skill level 5 in Fighting
  2117 | D:7      | Reached skill level 8 in Axes
  2131 | D:7      | Found a flagged portal.
  2222 | D:7      | Found Cemnac's Book Shop.
  2291 | D:7      | Gained mutation: You passively map the area around you.
                  | [Deep Dwarf growth]
  2291 | D:7      | Reached XP level 9. HP: 73/81 MP: 3/3
  2434 | D:7      | Found a hazy altar of Hepliaklqana.
  2530 | D:7      | Found a staircase to the Ecumenical Temple.
  2596 | Temple   | Entered the Ecumenical Temple
  2816 | D:8      | Reached skill level 9 in Axes
  3030 | D:8      | Found Pis Wug's Armour Emporium.
  3507 | D:8      | Bought a +1 pair of gloves for 161 gold pieces
  3507 | D:8      | Bought a +0 pair of boots for 63 gold pieces
  3600 | D:8      | Noticed a death yak
  3602 | D:8      | Noticed a death yak
  3604 | D:8      | Noticed a death yak
  3629 | D:8      | Killed a death yak
  3629 | D:8      | Reached skill level 10 in Axes
  3629 | D:8      | Reached XP level 10. HP: 85/92 MP: 3/3
  3642 | D:8      | Killed a death yak
  3661 | D:8      | Killed a death yak
  3721 | D:8      | Reached skill level 11 in Axes
  3754 | D:8      | Found a staircase to the Lair.
  3877 | D:8      | Noticed an orange crystal statue
  4334 | Lair:1   | Entered Level 1 of the Lair of Beasts
  4429 | Lair:1   | Noticed a cane toad
  4458 | Lair:1   | Slain by a cane toad

Illustrated notes

Levels and vault maps discovered:
D:1:      erik_arrival_cave_to_civilisation [erik_arrival_cave_to_hall],
          layout_basic
D:2:      layout_loops_ring, nicolae_ru_great_annihilating_truth, uniq_natasha
D:3:      layout_loops_corners, okawaru_gym_becter, minmay_circle_x,
          uniq_grinder, uniq_ijyb
D:4:      layout_gridville, lemuel_doored_altar
D:5:      layout_basic, overflow_temple_1_default, uniq_eustachio, uniq_menkaure
D:6:      layout_basic, hangedman_decor_lopped
D:7:      layout_rooms, lemuel_coloured_pillars_altar,
          minmay_temple_entry_butterflies, serial_shops, shop, enter_bailey_3
D:8:      minmay_separated_statues, layout_loops_ring, dpeg_lair_monsters,
          kennysheep_windowed_goal
Temple:   lightli_temple_of_artemis
Lair:1:   layout_layer_cave

Skill      XL: |  1  2  3  4  5  6  7  8  9 10 |
---------------+-------------------------------+-----
Fighting       | 3 4 5 6 7 |  7.4
Axes           | 3 4 5 6 8 10 11 | 11.6
Armour         | 4 5 6 7 9 |  9.0
Shields        | 4 5 6 7 9 |  9.0

Action                   |  1- 3 |  4- 6 |  7- 9 | 10-12 || total
-------------------------+-------+-------+-------+-------++-------
Melee: War axe           |    71 |    89 |   335 |   261 ||   756
 Abil: Heal Wounds       |     1 |     4 |    23 |     9 ||    37
  Use: Potion            |       |       |     3 |     1 ||     4
       Scroll            |       |       |     8 |       ||     8
Armor: Scale mail        |    35 |    57 |    90 |       ||   182
       Plate armour      |       |       |    94 |   156 ||   250
Dodge: Dodged            |    26 |    52 |    75 |    73 ||   226
Block: Kite shield       |    38 |    61 |   209 |   191 ||   499

Table legend: (Time is in decaauts)
 A = Elapsed time spent in this place.
 B = Non-inter-level travel time spent in this place.
 C = Inter-level travel time spent in this place.
 D = Time resting spent in this place.
 E = Time spent auto-exploring this place.
 F = Levels seen in this place.
 G = Mean time per level.
                   A        B        C        D        E       F      G
               +--------+--------+--------+--------+--------+-----+--------+
         Total |   4566 |   4357 |    209 |    406 |   2488 |  10 |  456.6 |
       Dungeon |   4338 |   4149 |    189 |    406 |   2378 |   8 |  542.2 |
        Temple |    125 |    105 |     20 |      0 |     86 |   1 |  125.0 |
          Lair |    102 |    102 |      0 |      0 |     24 |   1 |  102.0 |
               +--------+--------+--------+--------+--------+-----+--------+

Top non-repeatable levels by time:
     D:8: 1370 daAuts
     D:5: 822 daAuts
     D:7: 767 daAuts
     D:6: 592 daAuts
     D:4: 284 daAuts
     D:1: 283 daAuts
     D:2: 154 daAuts
  Temple: 125 daAuts
  Lair:1: 102 daAuts
     D:3: 64 daAuts
